 Dungeon Crawl Stone Soup version 0.24-a0-179-g7a2c91a (webtiles) character file.

Game seed: 6125742298964125467

128379 Gorice the Warrior (level 17, -5/142 HPs)
             Began as a Gnoll Wanderer on Mar 11, 2019.
             Was the Champion of Makhleb.
             Blown up by an orb spider (18 damage)
             ... with an orb of destruction
             ... on level 3 of the Spider Nest on Mar 13, 2019.
             The game lasted 02:51:43 (32444 turns).

Gorice the Warrior (Gnoll Wanderer)                Turns: 32444, Time: 02:51:44

Health: -5/142     AC: 34    Str: 18      XL:     17   Next: 3%
Magic:  0/41       EV: 11    Int: 18      God:    Makhleb [******]
Gold:   723        SH:  0    Dex: 13 (15) Spells: 28/38 levels left

rFire    . . .     SeeInvis +   b - +9 heavy crossbow "Sniper" {velocity, Acc+∞ SInv}
rCold    . . .     Gourm    +   (shield currently unavailable)
rNeg     + . .     Faith    .   N - +9 plate armour of the Harvest {+Fly rN+}
rPois    +         Spirit   +   C - +2 helmet {SInv}
rElec    .         Reflect  .   h - scarf {Spirit}
rCorr    .         Harm     .   q - +2 pair of gloves
MR       +....                  G - +2 pair of boots {Stlth+}
Stlth    ++........             e - amulet of the gourmand
HPRegen  0.33/turn              p - ring of poison resistance
MPRegen  0.27/turn              o - ring of magical power

@: lethally poisoned (-5 -> -5), studying Fighting
A: distributed training, fangs 1, strong nose
a: Minor Destruction, Lesser Servant of Makhleb, Major Destruction, Greater
Servant of Makhleb, Renounce Religion, Evoke Flight


You were on level 3 of the Spider Nest.
You worshipped Makhleb.
Makhleb was exalted by your worship.
You were completely stuffed.

You visited 5 branches of the dungeon, and saw 27 of its levels.
You also visited: Sewer and Gauntlet.

You collected 2463 gold pieces.
You spent 1740 gold pieces at shops.

Inventory:

Hand Weapons
 a - a +0 eveningstar of crushing
   (You found it on level 13 of the Dungeon)
 b - the +9 heavy crossbow "Sniper" (weapon) {velocity, Acc+∞ SInv}
   (You found it on level 7 of the Dungeon)

   Any bolt fired from it inflicts extra damage.
   It lets you see invisible.
 T - a +2 whip of electrocution
   (You took it off an orc on level 3 of the Dungeon)
Missiles
 l - 5 poisoned javelins
 R - 117 bolts (quivered)
 Z - a throwing net {!f}
Armour
 h - a scarf of spirit shield (worn)
   (You found it on level 6 of the Dungeon)
 q - a +2 pair of gloves (worn)
 C - a +2 helmet of see invisible (worn)
   (You found it on level 7 of the Dungeon)
 G - a +2 pair of boots of stealth (worn)
   (You found it in a Gauntlet)
 N - the +9 plate armour of the Harvest (worn) {+Fly rN+}
   (You bought it in a shop on level 2 of the Orcish Mines)

   It protects you from negative energy.
   It lets you fly.
Jewellery
 e - an amulet of the gourmand (around neck)
 f - the ring of Pessimism {rF+ Str+3}
   (You found it on level 6 of the Lair of Beasts)

   [ring of strength]

   It affects your strength (+3).
   It protects you from fire.
 i - an uncursed ring of see invisible
 o - a ring of magical power (right hand)
 p - a ring of poison resistance (left hand)
Wands
 g - a wand of clouds (4)
 n - a wand of paralysis (28)
 s - a wand of flame (20)
 w - a wand of disintegration (4)
 F - a wand of iceblast (8)
 J - a wand of enslavement (5)
 S - a wand of acid (12)
 U - a wand of scattershot (5)
Scrolls
 k - 9 scrolls of teleportation {!r}
 v - a scroll of fog
 x - 5 scrolls of magic mapping {!r}
 y - a scroll of blinking
 A - a scroll of identify
 E - a scroll of fear {!r}
 H - 4 scrolls of remove curse
Potions
 c - 2 potions of magic {!q}
 j - 4 potions of haste {!q}
 m - 5 potions of agility {!q}
 r - 2 potions of might {!q}
 t - 11 potions of curing
 u - 3 potions of cancellation {!q}
 z - 3 potions of heal wounds {!q}
 K - 4 potions of resistance {!q}
 M - a potion of berserk rage
 Q - a potion of invisibility {!q}
Books
 X - a manual of Fighting {!d}
Miscellaneous
 L - a lightning rod (4/4) {!a}
 O - a lamp of fire
Comestibles
 d - 48 rations
 B - a chunk of flesh


   Skills:
 + Level 15.1 Fighting
 + Level 11.0 Short Blades
 + Level 11.0 Long Blades
 + Level 11.0 Axes
 + Level 11.3 Maces & Flails
 + Level 11.0 Polearms
 + Level 11.0 Staves
 + Level 11.0 Slings
 + Level 11.0 Bows
 + Level 11.0 Crossbows
 + Level 11.0 Throwing
 + Level 11.3 Armour
 + Level 11.0 Dodging
 + Level 12.3 Stealth
 + Level 11.0 Shields
 + Level 11.0 Unarmed Combat
 + Level 11.0 Spellcasting
 + Level 9.4 Conjurations
 + Level 9.4 Hexes
 + Level 9.4 Charms
 + Level 9.4 Summonings
 + Level 9.4 Necromancy
 + Level 9.4 Translocations
 + Level 9.4 Transmutations
 + Level 9.4 Fire Magic
 + Level 9.4 Ice Magic
 + Level 9.4 Air Magic
 + Level 9.4 Earth Magic
 + Level 9.4 Poison Magic
 + Level 11.9 Invocations
 + Level 11.3 Evocations


You had 28 spell levels left.
You knew the following spells:

 Your Spells              Type           Power        Failure   Level  Hunger
w - Spectral Weapon       Hex/Chrm       #####...     9%          3    None
A - Apportation           Tloc           #####.       3%          1    None
D - Tukima's Dance        Hex            #####...     9%          3    None
R - Regeneration          Chrm/Necr      #####.....   9%          3    None

Your spell library contained the following spells:

 Spells                   Type           Power        Failure   Level  Hunger
 Animate Skeleton         Necr           N/A          3%          1    None
 Beastly Appendage        Tmut           #####.       3%          1    None
 Confusing Touch          Hex            #####.       3%          1    None
 Corona                   Hex            #####..      3%          1    None
 Freeze                   Ice            ####         3%          1    None
 Infusion                 Chrm           ####         3%          1    None
 Shock                    Conj/Air       ####         3%          1    None
 Sting                    Conj/Pois      ####         3%          1    None
 Summon Small Mammal      Summ           ####         3%          1    None
 Ensorcelled Hibernation  Hex/Ice        #####.       4%          2    None
 Poisonous Vapours        Pois/Air       #####.       4%          2    None
 Shroud of Golubria       Chrm/Tloc      #####.....   4%          2    None
 Song of Slaying          Chrm           #####...     4%          2    None
 Sticks to Snakes         Tmut           #####...     4%          2    None
 Confuse                  Hex            #####...     9%          3    None
 Dazzling Spray           Conj/Hex       #####.       9%          3    None
 Ignite Poison            Fire/Tmut/Pois #####...     9%          3    None
 Mephitic Cloud           Conj/Pois/Air  #####...     9%          3    None
 Ozocubu's Armour         Chrm/Ice       #####...     9%          3    None
 Spider Form              Tmut/Pois      #####.....   9%          3    None
 Ice Form                 Ice/Tmut       #####...     28%         4    ##.....
 Olgreb's Toxic Radiance  Pois           #####...     28%         4    ##.....
 Petrify                  Tmut/Erth      #####...     28%         4    ##.....
 Summon Ice Beast         Ice/Summ       #####...     28%         4    ##.....
 Blade Hands              Tmut           #####.....   63%         5    #####..
 Bolt of Magma            Conj/Fire/Erth #####.....   63%         5    #####..
 Fireball                 Conj/Fire      #####.....   63%         5    #####..
 Irradiate                Conj/Tmut      #####.....   63%         5    #####..
 Iskenderun's Battlesphe  Conj/Chrm      #####...     63%         5    #####..
 Venom Bolt               Conj/Pois      #####.....   63%         5    #####..
 Yara's Violent Unravell  Hex/Tmut       #####.....   63%         5    #####..
 Bolt of Fire             Conj/Fire      #####.....   99%         6    ######.
 Hydra Form               Tmut           #####.....   99%         6    ######.
 Iron Shot                Conj/Erth      #####.....   99%         6    ######.
 Statue Form              Tmut/Erth      #####....    99%         6    ######.
 Dragon Form              Tmut           #####.....   100%        7    #######
 Orb of Destruction       Conj           #####.....   100%        7    #######
 Ring of Flames           Chrm/Fire      #####.....   100%        7    #######
 Spellforged Servitor     Conj/Summ      #####.....   100%        7    #######
 Ignition                 Fire           #####.....   100%        8    #######


Dungeon Overview and Level Annotations

Branches:
Dungeon (15/15)            Temple (1/1) D:4            Lair (6/6) D:9
 Shoals (0/4) Lair:4       Spider (3/4) Lair:4        Slime (0/5) Lair:6
    Orc (2/2) D:12            Elf (0/3) Orc:2        Vaults (0/5) D:14
 Depths (0/5) D:15

Altars:
Ashenzari
Cheibriados
Dithmenos
Elyvilon
Fedhas
Gozag
Hepliaklqana
Kikubaaqudgha
Makhleb
Nemelex Xobeh
Okawaru
Qazlal
Ru
Sif Muna
Trog
Uskayaw
Vehumet
Wu Jian
Xom
Yredelemnul
Zin
The Shining One

Shops:
D:7 (   D:13 !   Orc:2 [::*}

Annotations:
Lair:1 2 runed translucent doors, Nib's ghost, journeyman GrCK


Innate Abilities, Weirdness & Mutations

Your experience applies equally to all skills.
You have very sharp teeth.
Your uncanny sense of smell can sniff out nearby items.


Message History

* * * LOW HITPOINT WARNING * * *
An orb of destruction comes into view.
Damage: 10 (max 33) Unknown command.
Unknown command.
Firing (i - inventory. (/) - cycle)
R - 118 bolts (quivered)
Press: ? - help, Shift-Dir - straight line, f/p - orb spider
Aim: an orb spider (moderately wounded, fully charged)
You shoot a bolt. The bolt hits the orb spider!!
The orb spider is almost dead.
The jumping spider barely misses you.
The jumping spider bites you but does no damage.
The orb spider weaves a glowing orb of energy.
The jumping spider barely misses you. The jumping spider misses you.
The jumping spider leaps!
A jumping spider comes into view.
The orb of destruction hits the jumping spider!!!
The jumping spider is blown up!
The jumping spider moves out of view.
An orb of destruction comes into view.
Unknown command.
Unknown command.
Unknown command.
Unknown command.
You feel sick.
The orb spider spins a strand of pure energy.
The jumping spider leaps!
Damage: 1 (max 33)
The orb of destruction hits you!
* * * LOW HITPOINT WARNING * * *
The jumping spider pounces on you but does no damage.
The jumping spider barely misses you.
Damage: 9 (max 33)
The jumping spider pounces on you but does no damage.
The jumping spider barely misses you.
The jumping spider leaps!
The orb spider weaves a glowing orb of energy.
The jumping spider pounces on you!
* * * LOW HITPOINT WARNING * * *
The jumping spider bites you but does no damage.
An orb of destruction comes into view.
Damage: 8 (max 33)
A demon appears!
You feel sick.
The jumping spider pounces on you but does no damage.
The jumping spider barely misses you.
Damage: 4 (max 33)
The jumping spider leaps!
The orb spider spins a strand of pure energy.
The orb of destruction hits you!!
You die...

.......†.........>#
.................##
..............†..#
.................<#.#
.................####
..................#
........%...s...%##
...........(s..s.#
..........(○○○○○@#
...........(..[s##
[..............##
........%..††.3#
.....(.....#...#
.....((...######
....>......#
............#
............#


You could see 2 orb spiders, 2 jumping spiders and a friendly neqoxec.

Vanquished Creatures
  Jorgrun (Orc:1)
  Gastronok (Orc:1)
  The ghost of SaintRoka the Cleaver, a journeyman OgGl of Okawaru (D:12)
  2 ghost moths (Spider:2)
  An ironheart preserver (D:14)
  Nessos (Lair:6)
  An entropy weaver (Spider:2)
  A dire elephant (Lair:6)
  A minotaur (Gauntlet)
  Josephine (Lair:6)
  The ghost of arkorax the Cleaver, a journeyman DrWn of Uskayaw (D:11)
  7 hydras
  Fannar (Orc:1)
  A rakshasa (D:15)
  Harold (D:11)
  4 centaur warriors
  2 catoblepae (Lair:6)
  19 two-headed ogres
  A dancing weapon (D:12)
  Urug (Orc:1)
  4 ogre magi
  A deep troll shaman (Lair:6)
  A tengu warrior (D:14)
  6 death yaks (Lair:6)
  Sonja (Orc:1)
  4 sixfirhies (Gauntlet)
  2 unseen horrors (D:14)
  A lindwurm (Lair:6)
  An orb spider (shapeshifter) (D:15)
  A deep elf mage (D:13)
  An orc knight (D:15)
  2 manticores
  13 orb spiders
  A cyclops (D:14)
  15 wolf spiders
  4 ugly things
  A moth of wrath (Spider:1)
  A centaur zombie (D:14)
  4 elephants (Lair:6)
  5 black mambas
  A black mamba (shapeshifter) (D:14)
  2 torpor snails
  A guardian serpent (shapeshifter) (D:15)
  Joseph (D:7)
  3 rime drakes
  12 spiny frogs
  A kobold demonologist (D:13)
  9 demonic crawlers
  6 komodo dragons
  25 jumping spiders
  A queen bee (D:11)
  3 polar bears
  3 trolls
  18 blink frogs
  5 hornets
  A blink frog (shapeshifter) (D:15)
  3 slime creatures (D:15)
  3 dream sheep (Lair:2)
  9 hippogriffs
  3 shadows
  5 wraiths
  40 redbacks
  18 tarantellas
  A centaur simulacrum (D:15)
  46 yaks
  2 water elementals
  A spriggan (D:7)
  3 wyverns
  4 hungry ghosts
  3 basilisks
  Menkaure (D:5)
  2 acid dragons
  Edmund (D:4)
  12 water moccasins
  7 porcupines
  A black bear (shapeshifter) (D:13)
  2 ice beasts
  11 orc warriors
  4 black bears
  A necrophage (D:10)
  3 phantoms
  3 sky beasts
  An eye of draining (D:8)
  32 ogres
  7 wolves
  5 boggarts (D:15)
  7 centaurs
  13 crocodiles
  2 big kobolds
  Blork the orc (D:5)
  21 bullfrogs
  3 wyvern zombies
  3 wyvern skeletons
  6 scorpions
  29 killer bees
  10 wights
  10 electric eels
  8 howler monkeys
  4 bullfrog zombies
  9 hounds
  2 quasits
  6 crimson imps
  16 orc priests
  A hound (shapeshifter) (Gauntlet)
  Crazy Yiuf (D:2)
  5 jellies
  6 bullfrog skeletons
  8 centaur skeletons
  8 iguanas
  19 orc wizards
  4 hell rats (Lair:4)
  7 worker ants
  A hound skeleton (D:8)
  A howler monkey zombie (D:7)
  15 adders
  A gnoll (D:1)
  7 river rats
  3 shadow imps
  6 oozes
  An adder zombie (D:6)
  2 worms
  6 leopard geckos
  69 orcs
  3 giant cockroaches
  8 goblins
  4 hobgoblins
  9 jackals
  9 quokkas
  8 ball pythons
  14 bats
  8 frilled lizards
  31 kobolds
  A leopard gecko skeleton (D:8)
  2 quokka zombies
  29 rats
891 creatures vanquished.

Vanquished Creatures (collateral kills)
  An emperor scorpion (Spider:1)
  A hornet (D:11)
  An orc warrior (D:15)
  A crimson imp (D:15)
4 creatures vanquished.

Vanquished Creatures (others)
  A rime drake (Lair:6)
  A jumping spider (Spider:3)
  5 dream sheep (D:4)
  2 redbacks (Spider:3)
  A boggart (D:15)
  A crocodile (Lair:6)
  An orc priest (D:11)
  An orc wizard (D:6)
  7 fungi
  7 plants
27 creatures vanquished.

Grand Total: 922 creatures vanquished

Notes
Turn   | Place    | Note
-------+----------+-------------------------------------------
     0 | D:1      | Gorice the Gnoll Wanderer began the quest for the Orb.
     0 | D:1      | Gorice set off with the following items: a +2 dagger, a
                  | potion of heal wounds {!q}, a +0 mace, a potion of
                  | lignification {!q}, a +0 robe, a ration
     0 | D:1      | Reached XP level 1. HP: 26/26 MP: 2/2
   144 | D:1      | Reached XP level 2. HP: 22/33 MP: 3/3
   589 | D:1      | Reached XP level 3. HP: 32/38 MP: 4/4
   681 | D:1      | HP: 9/38 [gnoll (3)]
   689 | D:1      | HP: 15/57 [gnoll (1)]
   693 | D:1      | Reached skill level 6 in Stealth
  1014 | D:1      | Reached skill level 1 in Invocations
  1221 | D:1      | Reached skill level 1 in Short Blades
  1221 | D:1      | Reached skill level 1 in Long Blades
  1221 | D:1      | Reached skill level 1 in Axes
  1221 | D:1      | Reached skill level 1 in Polearms
  1221 | D:1      | Reached skill level 1 in Staves
  1221 | D:1      | Reached skill level 1 in Slings
  1221 | D:1      | Reached skill level 1 in Bows
  1221 | D:1      | Reached skill level 1 in Crossbows
  1221 | D:1      | Reached skill level 1 in Throwing
  1221 | D:1      | Reached skill level 1 in Dodging
  1221 | D:1      | Reached skill level 1 in Shields
  1221 | D:1      | Reached skill level 1 in Unarmed Combat
  1221 | D:1      | Reached skill level 1 in Spellcasting
  1356 | D:2      | Reached XP level 4. HP: 45/45 MP: 6/6
  1638 | D:2      | Found a runed translucent door.
  1639 | D:2      | Noticed Crazy Yiuf
  1652 | D:2      | Killed Crazy Yiuf
  1652 | D:2      | Reached skill level 1 in Conjurations
  1652 | D:2      | Reached skill level 1 in Hexes
  1652 | D:2      | Reached skill level 1 in Charms
  1652 | D:2      | Reached skill level 1 in Summonings
  1652 | D:2      | Reached skill level 1 in Necromancy
  1652 | D:2      | Reached skill level 1 in Translocations
  1652 | D:2      | Reached skill level 1 in Transmutations
  1652 | D:2      | Reached skill level 1 in Fire Magic
  1652 | D:2      | Reached skill level 1 in Ice Magic
  1652 | D:2      | Reached skill level 1 in Air Magic
  1652 | D:2      | Reached skill level 1 in Earth Magic
  1652 | D:2      | Reached skill level 1 in Poison Magic
  1652 | D:2      | Reached XP level 5. HP: 47/51 MP: 7/7
  2125 | D:3      | Reached skill level 3 in Maces & Flails
  2125 | D:3      | Reached skill level 3 in Armour
  2125 | D:3      | Reached skill level 3 in Evocations
  2232 | D:3      | Found a glowing drain.
  2276 | Sewer    | Entered a sewer
  2641 | Sewer    | Reached XP level 6. HP: 53/57 MP: 8/8
  2684 | Sewer    | Reached skill level 2 in Invocations
  2888 | Sewer    | Reached skill level 2 in Short Blades
  2888 | Sewer    | Reached skill level 2 in Long Blades
  2888 | Sewer    | Reached skill level 2 in Axes
  2888 | Sewer    | Reached skill level 2 in Polearms
  2888 | Sewer    | Reached skill level 2 in Staves
  2888 | Sewer    | Reached skill level 2 in Slings
  2888 | Sewer    | Reached skill level 2 in Bows
  2888 | Sewer    | Reached skill level 2 in Crossbows
  2888 | Sewer    | Reached skill level 2 in Throwing
  2888 | Sewer    | Reached skill level 2 in Dodging
  2888 | Sewer    | Reached skill level 2 in Shields
  2888 | Sewer    | Reached skill level 2 in Unarmed Combat
  2888 | Sewer    | Reached skill level 2 in Spellcasting
  3161 | D:3      | Identified the Catalogue of Aerial Shape Shifting
  3976 | D:3      | Found a burning altar of Makhleb.
  3976 | D:3      | Found a sacrificial altar of Ru.
  4093 | D:3      | Became a worshipper of Makhleb the Destroyer
  4206 | D:4      | Reached XP level 7. HP: 63/63 MP: 10/10
  4424 | D:4      | Reached skill level 2 in Conjurations
  4424 | D:4      | Reached skill level 2 in Hexes
  4424 | D:4      | Reached skill level 2 in Charms
  4424 | D:4      | Reached skill level 2 in Summonings
  4424 | D:4      | Reached skill level 2 in Necromancy
  4424 | D:4      | Reached skill level 2 in Translocations
  4424 | D:4      | Reached skill level 2 in Transmutations
  4424 | D:4      | Reached skill level 2 in Fire Magic
  4424 | D:4      | Reached skill level 2 in Ice Magic
  4424 | D:4      | Reached skill level 2 in Air Magic
  4424 | D:4      | Reached skill level 2 in Earth Magic
  4424 | D:4      | Reached skill level 2 in Poison Magic
  4549 | D:4      | Noticed Edmund
  4556 | D:4      | Killed Edmund
  4556 | D:4      | Reached skill level 9 in Fighting
  4643 | D:4      | Reached skill level 3 in Invocations
  4648 | D:4      | Noticed a dream sheep
  4648 | D:4      | Noticed a dream sheep
  4648 | D:4      | Noticed a dream sheep
  4648 | D:4      | Noticed a dream sheep
  4648 | D:4      | Noticed a dream sheep
  4648 | D:4      | Found a shimmering altar of Xom.
  4653 | D:4      | Killed a dream sheep
  4653 | D:4      | Killed a dream sheep
  4653 | D:4      | Killed a dream sheep
  4653 | D:4      | Killed a dream sheep
  4654 | D:4      | Killed a dream sheep
  4726 | D:4      | Reached * piety under Makhleb
  4878 | D:4      | Found a white marble altar of Elyvilon.
  4955 | D:4      | Found a staircase to the Ecumenical Temple.
  4975 | Temple   | Entered the Ecumenical Temple
  5198 | D:5      | Entered Level 5 of the Dungeon
  5314 | D:5      | Found a blossoming altar of Fedhas.
  5316 | D:5      | Found a sparkling altar of Nemelex Xobeh.
  5317 | D:5      | Noticed Menkaure
  5322 | D:5      | Reached XP level 8. HP: 51/71 MP: 12/12
  5329 | D:5      | HP: 14/71 [??? (12)]
  5331 | D:5      | HP: 5/71 [Menkaure (5)]
  5333 | D:5      | Killed Menkaure
  5333 | D:5      | Reached skill level 3 in Short Blades
  5333 | D:5      | Reached skill level 3 in Long Blades
  5333 | D:5      | Reached skill level 3 in Axes
  5333 | D:5      | Reached skill level 4 in Maces & Flails
  5333 | D:5      | Reached skill level 3 in Polearms
  5333 | D:5      | Reached skill level 3 in Staves
  5333 | D:5      | Reached skill level 3 in Slings
  5333 | D:5      | Reached skill level 3 in Bows
  5333 | D:5      | Reached skill level 3 in Crossbows
  5333 | D:5      | Reached skill level 3 in Throwing
  5333 | D:5      | Reached skill level 4 in Armour
  5333 | D:5      | Reached skill level 3 in Dodging
  5333 | D:5      | Reached skill level 3 in Shields
  5333 | D:5      | Reached skill level 3 in Unarmed Combat
  5333 | D:5      | Reached skill level 3 in Spellcasting
  5333 | D:5      | Reached skill level 4 in Evocations
  5546 | D:5      | Noticed Blork the orc
  5552 | D:5      | Killed Blork the orc
  6311 | D:6      | Reached skill level 7 in Stealth
  6402 | D:6      | Reached skill level 3 in Conjurations
  6402 | D:6      | Reached skill level 3 in Hexes
  6402 | D:6      | Reached skill level 3 in Charms
  6402 | D:6      | Reached skill level 3 in Summonings
  6402 | D:6      | Reached skill level 3 in Necromancy
  6402 | D:6      | Reached skill level 3 in Translocations
  6402 | D:6      | Reached skill level 3 in Transmutations
  6402 | D:6      | Reached skill level 3 in Fire Magic
  6402 | D:6      | Reached skill level 3 in Ice Magic
  6402 | D:6      | Reached skill level 3 in Air Magic
  6402 | D:6      | Reached skill level 3 in Earth Magic
  6402 | D:6      | Reached skill level 3 in Poison Magic
  6402 | D:6      | Reached skill level 4 in Invocations
  6409 | D:6      | Reached XP level 9. HP: 76/76 MP: 14/14
  6427 | D:6      | Reached ** piety under Makhleb
  6887 | D:6      | Reached skill level 4 in Short Blades
  6887 | D:6      | Reached skill level 4 in Long Blades
  6887 | D:6      | Reached skill level 4 in Axes
  6887 | D:6      | Reached skill level 4 in Polearms
  6887 | D:6      | Reached skill level 4 in Staves
  6887 | D:6      | Reached skill level 4 in Slings
  6887 | D:6      | Reached skill level 4 in Bows
  6887 | D:6      | Reached skill level 4 in Crossbows
  6887 | D:6      | Reached skill level 4 in Throwing
  6887 | D:6      | Reached skill level 4 in Dodging
  6887 | D:6      | Reached skill level 4 in Shields
  6887 | D:6      | Reached skill level 4 in Unarmed Combat
  6887 | D:6      | Reached skill level 4 in Spellcasting
  7164 | D:6      | Reached skill level 5 in Maces & Flails
  7164 | D:6      | Reached skill level 5 in Armour
  7164 | D:6      | Reached skill level 5 in Evocations
  7383 | D:6      | Found a shadowy altar of Dithmenos.
  7744 | D:7      | Reached skill level 5 in Invocations
  7819 | D:7      | Reached *** piety under Makhleb
  7866 | D:7      | Reached XP level 10. HP: 75/84 MP: 15/17
  7960 | D:7      | Found the +0 sword of Power
  7970 | D:7      | Found the +9 heavy crossbow "Sniper" {velocity, Acc+∞ SInv}
  7986 | D:7      | --sword of power and sniper in same loot stash!
  8200 | D:7      | Reached skill level 4 in Conjurations
  8200 | D:7      | Reached skill level 4 in Hexes
  8200 | D:7      | Reached skill level 4 in Charms
  8200 | D:7      | Reached skill level 4 in Summonings
  8200 | D:7      | Reached skill level 4 in Necromancy
  8200 | D:7      | Reached skill level 4 in Translocations
  8200 | D:7      | Reached skill level 4 in Transmutations
  8200 | D:7      | Reached skill level 4 in Fire Magic
  8200 | D:7      | Reached skill level 4 in Ice Magic
  8200 | D:7      | Reached skill level 4 in Air Magic
  8200 | D:7      | Reached skill level 4 in Earth Magic
  8200 | D:7      | Reached skill level 4 in Poison Magic
  8449 | D:7      | Reached skill level 5 in Short Blades
  8449 | D:7      | Reached skill level 5 in Long Blades
  8449 | D:7      | Reached skill level 5 in Axes
  8449 | D:7      | Reached skill level 5 in Polearms
  8449 | D:7      | Reached skill level 5 in Staves
  8449 | D:7      | Reached skill level 5 in Slings
  8449 | D:7      | Reached skill level 5 in Bows
  8449 | D:7      | Reached skill level 5 in Crossbows
  8449 | D:7      | Reached skill level 5 in Throwing
  8449 | D:7      | Reached skill level 5 in Dodging
  8449 | D:7      | Reached skill level 5 in Shields
  8449 | D:7      | Reached skill level 5 in Unarmed Combat
  8449 | D:7      | Reached skill level 5 in Spellcasting
  8784 | D:7      | Noticed Joseph
  8789 | D:7      | Reached skill level 8 in Stealth
  8793 | D:7      | Killed Joseph
  8793 | D:7      | Reached skill level 10 in Fighting
  8968 | D:7      | Found a shattered altar of Ashenzari.
  9306 | D:7      | Found Ymiphi's Antique Weapon Boutique.
  9486 | D:8      | Noticed a two-headed ogre
  9499 | D:8      | Killed a two-headed ogre
  9499 | D:8      | Reached skill level 6 in Maces & Flails
  9499 | D:8      | Reached skill level 6 in Armour
  9499 | D:8      | Reached skill level 6 in Invocations
  9499 | D:8      | Reached skill level 6 in Evocations
  9646 | D:8      | Reached **** piety under Makhleb
 10053 | D:8      | Reached XP level 11. HP: 91/91 MP: 17/19
 10502 | D:9      | Found a staircase to the Lair.
 11123 | Lair:1   | Entered Level 1 of the Lair of Beasts
 11146 | D:9      | Reached skill level 6 in Short Blades
 11146 | D:9      | Reached skill level 6 in Long Blades
 11146 | D:9      | Reached skill level 6 in Axes
 11146 | D:9      | Reached skill level 6 in Polearms
 11146 | D:9      | Reached skill level 6 in Staves
 11146 | D:9      | Reached skill level 6 in Slings
 11146 | D:9      | Reached skill level 6 in Bows
 11146 | D:9      | Reached skill level 6 in Crossbows
 11146 | D:9      | Reached skill level 6 in Throwing
 11146 | D:9      | Reached skill level 6 in Dodging
 11146 | D:9      | Reached skill level 6 in Shields
 11146 | D:9      | Reached skill level 6 in Unarmed Combat
 11146 | D:9      | Reached skill level 6 in Spellcasting
 11347 | Lair:1   | Upgraded the game from 0.24-a0-170-gd8427f5 to
                  | 0.24-a0-176-gc3651c4
 11448 | Lair:1   | Found a large runed translucent door.
 11448 | Lair:1   | Found a large runed translucent door.
 11455 | Lair:1   | Noticed Nib's ghost (journeyman GrCK)
 11480 | Lair:1   | Reached skill level 5 in Conjurations
 11480 | Lair:1   | Reached skill level 5 in Hexes
 11480 | Lair:1   | Reached skill level 5 in Charms
 11480 | Lair:1   | Reached skill level 5 in Summonings
 11480 | Lair:1   | Reached skill level 5 in Necromancy
 11480 | Lair:1   | Reached skill level 5 in Translocations
 11480 | Lair:1   | Reached skill level 5 in Transmutations
 11480 | Lair:1   | Reached skill level 5 in Fire Magic
 11480 | Lair:1   | Reached skill level 5 in Ice Magic
 11480 | Lair:1   | Reached skill level 5 in Air Magic
 11480 | Lair:1   | Reached skill level 5 in Earth Magic
 11480 | Lair:1   | Reached skill level 5 in Poison Magic
 12197 | Lair:2   | Got a faintly glowing scale mail
 12295 | Lair:2   | Reached skill level 7 in Invocations
 12330 | Lair:1   | Reached skill level 7 in Maces & Flails
 12330 | Lair:1   | Reached skill level 7 in Armour
 12330 | Lair:1   | Reached skill level 7 in Evocations
 12487 | Lair:2   | Reached skill level 9 in Stealth
 12528 | Lair:1   | Reached ***** piety under Makhleb
 12566 | Lair:2   | Reached XP level 12. HP: 76/99 MP: 12/22
 13015 | Lair:2   | Identified the cursed +0 scale mail of Rismipoif {rC+} (You
                  | found it on level 2 of the Lair of Beasts)
 13031 | Lair:3   | Noticed an eight-headed hydra
 13049 | Lair:3   | Found a shattered altar of Ashenzari.
 13360 | Lair:3   | Reached skill level 7 in Short Blades
 13360 | Lair:3   | Reached skill level 7 in Long Blades
 13360 | Lair:3   | Reached skill level 7 in Axes
 13360 | Lair:3   | Reached skill level 7 in Polearms
 13360 | Lair:3   | Reached skill level 7 in Staves
 13360 | Lair:3   | Reached skill level 7 in Slings
 13360 | Lair:3   | Reached skill level 7 in Bows
 13360 | Lair:3   | Reached skill level 7 in Crossbows
 13360 | Lair:3   | Reached skill level 7 in Throwing
 13360 | Lair:3   | Reached skill level 7 in Dodging
 13360 | Lair:3   | Reached skill level 7 in Shields
 13360 | Lair:3   | Reached skill level 7 in Unarmed Combat
 13360 | Lair:3   | Reached skill level 7 in Spellcasting
 13515 | Lair:3   | Killed an eight-headed hydra
 13515 | Lair:3   | Reached skill level 11 in Fighting
 13631 | Lair:3   | Got a faintly glowing great mace
 13632 | Lair:3   | Identified the +4 great mace of the Pill Bug {drain, Int+6}
                  | (You found it on level 3 of the Lair of Beasts)
 13679 | Lair:3   | Reached skill level 6 in Conjurations
 13679 | Lair:3   | Reached skill level 6 in Hexes
 13679 | Lair:3   | Reached skill level 6 in Charms
 13679 | Lair:3   | Reached skill level 6 in Summonings
 13679 | Lair:3   | Reached skill level 6 in Necromancy
 13679 | Lair:3   | Reached skill level 6 in Translocations
 13679 | Lair:3   | Reached skill level 6 in Transmutations
 13679 | Lair:3   | Reached skill level 6 in Fire Magic
 13679 | Lair:3   | Reached skill level 6 in Ice Magic
 13679 | Lair:3   | Reached skill level 6 in Air Magic
 13679 | Lair:3   | Reached skill level 6 in Earth Magic
 13679 | Lair:3   | Reached skill level 6 in Poison Magic
 13933 | Lair:4   | Noticed a seven-headed hydra
 14029 | Lair:4   | HP: 23/100 [seven-headed hydra (8)]
 14373 | Lair:4   | Found a hole to the Spider Nest.
 14459 | Lair:4   | Reached skill level 8 in Invocations
 14551 | Lair:4   | Killed a seven-headed hydra
 14846 | Lair:4   | Reached skill level 8 in Maces & Flails
 14846 | Lair:4   | Reached skill level 8 in Armour
 14846 | Lair:4   | Reached skill level 8 in Evocations
 14897 | Lair:4   | Found a staircase to the Shoals.
 15014 | Lair:4   | Noticed an eight-headed hydra
 15029 | Lair:4   | Killed an eight-headed hydra
 15367 | Lair:5   | Found a gate leading to a gauntlet.
 15375 | Gauntlet | Entered a Gauntlet
 15375 | Gauntlet | Found a transporter.
 15375 | Gauntlet | Found a runed translucent door.
 15375 | Gauntlet | Found a transporter.
 15377 | Gauntlet | Found a transporter.
 15378 | Gauntlet | Found a transporter.
 15379 | Gauntlet | Found a runed translucent door.
 15381 | Gauntlet | Found a transporter.
 15381 | Gauntlet | Found a transporter.
 15413 | Gauntlet | Found a transporter.
 15417 | Gauntlet | Found a transporter.
 15429 | Gauntlet | Found a transporter.
 15442 | Gauntlet | Noticed a death scarab
 15445 | Gauntlet | Found a transporter.
 15460 | Gauntlet | Found a transporter.
 15462 | Gauntlet | Noticed a death scarab
 15464 | Gauntlet | Found a transporter.
 15579 | Gauntlet | Paralysed by a hornet for 3 turns
 15622 | Gauntlet | Reached XP level 13. HP: 88/106 MP: 24/24
 15632 | Gauntlet | HP: 26/106 [sixfirhy (9)]
 15848 | Gauntlet | Noticed a minotaur
 15853 | Gauntlet | Killed a minotaur
 15861 | Gauntlet | Found the +3 robe of Clouds {+Thunder rCloud rElec}
 15872 | Gauntlet | Identified the Catalogue of Boosts
 15884 | Gauntlet | Identified the Reference Book on Congealing Moulding
 16184 | Lair:5   | Found the +4 robe of Augmentation {Str+4 Int+4 Dex+4}
 16306 | Lair:5   | Reached skill level 10 in Stealth
 16320 | Lair:5   | Reached skill level 8 in Short Blades
 16320 | Lair:5   | Reached skill level 8 in Long Blades
 16320 | Lair:5   | Reached skill level 8 in Axes
 16320 | Lair:5   | Reached skill level 8 in Polearms
 16320 | Lair:5   | Reached skill level 8 in Staves
 16320 | Lair:5   | Reached skill level 8 in Slings
 16320 | Lair:5   | Reached skill level 8 in Bows
 16320 | Lair:5   | Reached skill level 8 in Crossbows
 16320 | Lair:5   | Reached skill level 8 in Throwing
 16320 | Lair:5   | Reached skill level 8 in Dodging
 16320 | Lair:5   | Reached skill level 8 in Shields
 16320 | Lair:5   | Reached skill level 8 in Unarmed Combat
 16320 | Lair:5   | Reached skill level 8 in Spellcasting
 16957 | Lair:6   | Entered Level 6 of the Lair of Beasts
 17222 | Lair:5   | Reached skill level 9 in Invocations
 17398 | Lair:6   | Reached skill level 7 in Conjurations
 17398 | Lair:6   | Reached skill level 7 in Hexes
 17398 | Lair:6   | Reached skill level 7 in Charms
 17398 | Lair:6   | Reached skill level 7 in Summonings
 17398 | Lair:6   | Reached skill level 7 in Necromancy
 17398 | Lair:6   | Reached skill level 7 in Translocations
 17398 | Lair:6   | Reached skill level 7 in Transmutations
 17398 | Lair:6   | Reached skill level 7 in Fire Magic
 17398 | Lair:6   | Reached skill level 7 in Ice Magic
 17398 | Lair:6   | Reached skill level 7 in Air Magic
 17398 | Lair:6   | Reached skill level 7 in Earth Magic
 17398 | Lair:6   | Reached skill level 7 in Poison Magic
 17413 | Lair:6   | Reached skill level 12 in Fighting
 17457 | Lair:6   | Noticed Josephine
 17463 | Lair:6   | Killed Josephine
 17514 | Lair:6   | Reached skill level 9 in Maces & Flails
 17514 | Lair:6   | Reached skill level 9 in Armour
 17514 | Lair:6   | Reached skill level 9 in Evocations
 17598 | Lair:6   | Noticed Nessos
 17614 | Lair:6   | Killed Nessos
 17615 | Lair:6   | Reached XP level 14. HP: 115/115 MP: 26/26
 17645 | Lair:6   | Found a staircase to the Slime Pits.
 18644 | Lair:6   | HP: 30/116 [death yak (10)]
 18654 | Lair:6   | HP: 21/116 [death yak (4)]
 19096 | Lair:6   | Noticed a dire elephant
 19139 | Lair:6   | Killed a dire elephant
 19139 | Lair:6   | Reached skill level 9 in Short Blades
 19139 | Lair:6   | Reached skill level 9 in Long Blades
 19139 | Lair:6   | Reached skill level 9 in Axes
 19139 | Lair:6   | Reached skill level 9 in Polearms
 19139 | Lair:6   | Reached skill level 9 in Staves
 19139 | Lair:6   | Reached skill level 9 in Slings
 19139 | Lair:6   | Reached skill level 9 in Bows
 19139 | Lair:6   | Reached skill level 9 in Crossbows
 19139 | Lair:6   | Reached skill level 9 in Throwing
 19139 | Lair:6   | Reached skill level 9 in Dodging
 19139 | Lair:6   | Reached skill level 9 in Shields
 19139 | Lair:6   | Reached skill level 9 in Unarmed Combat
 19139 | Lair:6   | Reached skill level 9 in Spellcasting
 19211 | Lair:6   | Got a scintillating iron ring
 19218 | Lair:6   | Identified the ring of Pessimism {rF+ Str+3} (You found it
                  | on level 6 of the Lair of Beasts)
 19435 | D:10     | Entered Level 10 of the Dungeon
 20280 | D:11     | Found a transporter.
 20280 | D:11     | Noticed arkorax's ghost (journeyman DrWn)
 20291 | D:11     | Found a transporter.
 20382 | D:11     | Found a snail-covered altar of Cheibriados.
 20825 | D:11     | Noticed Harold
 20837 | D:11     | Killed Harold
 20837 | D:11     | Reached skill level 10 in Invocations
 21090 | D:11     | Killed arkorax's ghost
 21107 | D:11     | HP: 34/116 [poisoned by a killer bee]
 21112 | D:11     | HP: 32/116 [poisoned by a killer bee]
 21117 | D:11     | HP: 31/116 [poisoned by a killer bee]
 21122 | D:11     | HP: 31/116 [poisoned by a killer bee]
 21130 | D:11     | HP: 31/116 [poisoned by a killer bee]
 21523 | D:12     | Reached skill level 13 in Fighting
 21566 | D:12     | Reached ****** piety under Makhleb
 21621 | D:12     | Found a runed translucent door.
 21623 | D:12     | Found a shimmering altar of Xom.
 21623 | D:12     | Noticed SaintRoka's ghost (journeyman OgGl)
 21631 | D:12     | Found a staircase to the Orcish Mines.
 21686 | D:12     | Got a faintly humming chain mail
 21723 | D:12     | Reached skill level 11 in Stealth
 22444 | Lair:1   | Identified the +5 chain mail of Modesty {rElec rPois rCorr
                  | Slay-3} (You found it on level 12 of the Dungeon)
 22570 | Orc:1    | Entered Level 1 of the Orcish Mines
 22572 | Orc:1    | Noticed Gastronok
 22579 | Orc:1    | Killed Gastronok
 22599 | Orc:1    | Noticed Sonja
 22601 | Orc:1    | Killed Sonja
 22745 | Orc:1    | Noticed Urug
 22758 | Orc:1    | Killed Urug
 22816 | Orc:1    | Noticed Fannar
 22823 | Orc:1    | Killed Fannar
 22851 | Orc:1    | Reached skill level 8 in Conjurations
 22851 | Orc:1    | Reached skill level 8 in Hexes
 22851 | Orc:1    | Reached skill level 8 in Charms
 22851 | Orc:1    | Reached skill level 8 in Summonings
 22851 | Orc:1    | Reached skill level 8 in Necromancy
 22851 | Orc:1    | Reached skill level 8 in Translocations
 22851 | Orc:1    | Reached skill level 8 in Transmutations
 22851 | Orc:1    | Reached skill level 8 in Fire Magic
 22851 | Orc:1    | Reached skill level 8 in Ice Magic
 22851 | Orc:1    | Reached skill level 8 in Air Magic
 22851 | Orc:1    | Reached skill level 8 in Earth Magic
 22851 | Orc:1    | Reached skill level 8 in Poison Magic
 22901 | Orc:1    | Reached XP level 15. HP: 96/124 MP: 28/28
 22947 | Orc:1    | Noticed Jorgrun
 22955 | Orc:1    | Killed Jorgrun
 23207 | Orc:1    | --Wow 5 uniques!
 23234 | Orc:2    | Entered Level 2 of the Orcish Mines
 23245 | Orc:2    | Found Jucs's Gadget Shoppe.
 23342 | Orc:2    | Found a staircase to the Elven Halls.
 23385 | Orc:1    | Reached skill level 10 in Maces & Flails
 23385 | Orc:1    | Reached skill level 10 in Armour
 23385 | Orc:1    | Reached skill level 10 in Evocations
 23649 | Orc:2    | Found Duodd's Armour Shop.
 23649 | Orc:2    | Found Leqyowaatt's Book Shoppe.
 23651 | Orc:2    | Found Cug Xenoy's Book Shoppe.
 23651 | Orc:2    | Found Niegres's Assorted Antiques.
 23897 | Orc:2    | Found Fafem's Armour Shoppe.
 24174 | Orc:2    | Bought a scroll of identify for 38 gold pieces
 24174 | Orc:2    | Bought a potion of curing for 57 gold pieces
 24176 | Orc:2    | Bought the +9 plate armour of the Harvest {+Fly rN+} for
                  | 894 gold pieces
 24380 | D:7      | Bought a warped scimitar for 207 gold pieces
 24533 | D:12     | Killed SaintRoka's ghost
 24533 | D:12     | Reached skill level 10 in Short Blades
 24533 | D:12     | Reached skill level 10 in Long Blades
 24533 | D:12     | Reached skill level 10 in Axes
 24533 | D:12     | Reached skill level 10 in Polearms
 24533 | D:12     | Reached skill level 10 in Staves
 24533 | D:12     | Reached skill level 10 in Slings
 24533 | D:12     | Reached skill level 10 in Bows
 24533 | D:12     | Reached skill level 10 in Crossbows
 24533 | D:12     | Reached skill level 10 in Throwing
 24533 | D:12     | Reached skill level 10 in Dodging
 24533 | D:12     | Reached skill level 10 in Shields
 24533 | D:12     | Reached skill level 10 in Unarmed Combat
 24533 | D:12     | Reached skill level 10 in Spellcasting
 24545 | D:12     | Identified the +9 scimitar "Jautod" {vamp, rN+ Str+5 Int+3}
                  | (You bought it in a shop on level 7 of the Dungeon)
 25356 | D:13     | Found Juxtuqal's Distillery.
 25359 | D:13     | Bought a potion of heal wounds for 80 gold pieces
 25359 | D:13     | Bought 2 potions of resistance for 320 gold pieces
 25359 | D:13     | Bought a potion of might for 64 gold pieces
 25359 | D:13     | Bought a potion of berserk rage for 80 gold pieces
 25485 | D:14     | Reached skill level 14 in Fighting
 25500 | D:14     | Reached skill level 11 in Invocations
 25504 | D:14     | Found a gate to the Vaults.
 26683 | D:15     | Entered Level 15 of the Dungeon
 26693 | D:15     | Reached XP level 16. HP: 133/133 MP: 30/30
 26725 | D:15     | Learned a level 1 spell: Apportation
 26729 | D:15     | Learned a level 3 spell: Regeneration
 26733 | D:15     | Learned a level 3 spell: Spectral Weapon
 26737 | D:15     | Learned a level 3 spell: Tukima's Dance
 27532 | D:15     | Upgraded the game from 0.24-a0-176-gc3651c4 to
                  | 0.24-a0-179-g7a2c91a
 28041 | D:15     | Found an opulent altar of Gozag.
 28304 | D:15     | Found a staircase to the Depths.
 28627 | Spider:1 | Entered Level 1 of the Spider Nest
 29082 | Spider:1 | Reached skill level 9 in Conjurations
 29082 | Spider:1 | Reached skill level 9 in Hexes
 29082 | Spider:1 | Reached skill level 9 in Charms
 29082 | Spider:1 | Reached skill level 9 in Summonings
 29082 | Spider:1 | Reached skill level 9 in Necromancy
 29082 | Spider:1 | Reached skill level 9 in Translocations
 29082 | Spider:1 | Reached skill level 9 in Transmutations
 29082 | Spider:1 | Reached skill level 9 in Fire Magic
 29082 | Spider:1 | Reached skill level 9 in Ice Magic
 29082 | Spider:1 | Reached skill level 9 in Air Magic
 29082 | Spider:1 | Reached skill level 9 in Earth Magic
 29082 | Spider:1 | Reached skill level 9 in Poison Magic
 29100 | Spider:1 | Reached skill level 12 in Stealth
 29660 | Spider:1 | Reached skill level 11 in Maces & Flails
 29660 | Spider:1 | Reached skill level 11 in Armour
 29660 | Spider:1 | Reached skill level 11 in Evocations
 30054 | Spider:1 | HP: 40/134 [poisoned by an emperor scorpion]
 30059 | Spider:1 | HP: 25/134 [smoke demon][the player character] (6)]
 30065 | Spider:1 | HP: 23/134 [poisoned by an emperor scorpion]
 30072 | Spider:1 | HP: 22/134 [poisoned by an emperor scorpion]
 30079 | Spider:1 | HP: 22/134 [poisoned by an emperor scorpion]
 30087 | Spider:1 | HP: 23/134 [poisoned by an emperor scorpion]
 31160 | Spider:2 | Reached skill level 15 in Fighting
 31380 | Spider:2 | You fall through a shaft!
 31817 | Spider:3 | Reached skill level 11 in Short Blades
 31817 | Spider:3 | Reached skill level 11 in Long Blades
 31817 | Spider:3 | Reached skill level 11 in Axes
 31817 | Spider:3 | Reached skill level 11 in Polearms
 31817 | Spider:3 | Reached skill level 11 in Staves
 31817 | Spider:3 | Reached skill level 11 in Slings
 31817 | Spider:3 | Reached skill level 11 in Bows
 31817 | Spider:3 | Reached skill level 11 in Crossbows
 31817 | Spider:3 | Reached skill level 11 in Throwing
 31817 | Spider:3 | Reached skill level 11 in Dodging
 31817 | Spider:3 | Reached skill level 11 in Shields
 31817 | Spider:3 | Reached skill level 11 in Unarmed Combat
 31817 | Spider:3 | Reached skill level 11 in Spellcasting
 32339 | Spider:3 | Reached XP level 17. HP: 142/142 MP: 32/32
 32365 | Spider:3 | Got a dazzling chain mail
 32366 | Spider:3 | Identified the cursed +0 chain mail of Obbiun {Int+3 SInv
                  | Stlth+} (You found it on level 3 of the Spider Nest)
 32437 | Spider:3 | HP: 36/142 [jumping spider (7)]
 32442 | Spider:3 | HP: 17/142 [jumping spider (8)]
 32444 | Spider:3 | Blown up by an orb spider

Levels and vault maps discovered:
D:1:      eino_arrival_druids_welcome, layout_basic
D:2:      layout_basic, minmay_misc_feat_cross, kennysheep_nondescript,
          uniq_crazy_yiuf_cottage
D:3:      layout_loops_corners, gammafunk_temple_overflow_wave,
          portal_sewer_entry_c, minmay_checkerbox
D:4:      layout_cave_pods, old_standard_altar, temple_hall,
          kb_xom_exploding_sheep, uniq_edmund
D:5:      layout_cave_pods, chequers_temple_overflow_statue_of_worship,
          first_ration, uniq_blork_the_orc, uniq_menkaure
D:6:      layout_basic, marbit_many_paths, serial_glass, glass_columns_a,
          glass_columns_a, minmay_between
D:7:      minmay_the_grid_octo_tiled_squarecenter
          [minmay_the_grid_octo_fat_diamond, minmay_the_grid_octo_77,
          minmay_the_grid_octo_fan_narrow, minmay_the_grid_octo_teeth,
          minmay_the_grid_square_5x5_megaprize_crossed,
          minmay_the_grid_square_5x5_eight, minmay_the_grid_square_5x5_bite,
          minmay_the_grid_square_5x5_hourglass,
          minmay_the_grid_square_5x5_moneybag], layout_loops_ring, serial_shops,
          kennysheep_little_box, the_bakery, minmay_misc_feat_columns,
          roderic_lattice_a, ashenzari_altar_1, uniq_joseph
D:8:      layout_gridville, grunt_decor_arrowhead
D:9:      layout_basic, grunt_lair_entry_orc_guard_hut
D:10:     layout_basic, minmay_stone_trees_small
D:11:     layout_irregular_city, basic_altar, gammafunk_ghost_hive,
          kennysheep_cross_bottleneck, uniq_harold
D:12:     minmay_recursive_quarters, layout_basic, ebering_ghost_xom,
          serial_bayou_ford_a
D:13:     layout_roguey, serial_shops, nicolae_shop_behind_doors
D:14:     layout_loops_ring, skrybe_vaults_entry_preservation,
          serial_bayou_shore_a, minmay_misc_feat_rugged
D:15:     gammafunk_enter_depths_forms, layout_irregular_city,
          nicolae_gozag_seed_capital, palyth_stone_intersect, chequers_arboretum
Temple:   regret_index_temple_sphere_string
Lair:1:   layout_roguey, ebering_ghost_disaster_area
Lair:2:   layout_regular_city, serial_rivers, chequers_serial_rivers_room_a,
          chequers_serial_rivers_small_a, chequers_serial_rivers_small_a,
          chequers_serial_rivers_room_b, grunt_megastairs_5, lemuel_fruit_fields
Lair:3:   layout_loops_ring, basic_altar
Lair:4:   layout_roguey, minmay_shoals_entry_beasts,
          nicolae_spider_entry_non_spiders, grunt_megastairs_3
Lair:5:   layout_loops_ring, gauntlet_entry_generic, beast_lair_carwin_6
Lair:6:   grunt_lair_end_beastmaster, layout_small_grid,
          nicolae_slime_entry_slimehenge, grunt_megastairs_4, lemuel_fruit_tree,
          uniq_josephine, uniq_nessos
Spider:1: layout_chambers, drop_trap
Spider:2: layout_spider_delve
Spider:3: layout_spider_delve
Orc:1:    layout_diamond_mine, uniq_gastronok, uniq_jorgrun, uniq_sonja,
          uniq_fannar, uniq_urug
Orc:2:    st_orc_ogre_mass, layout_caves, serial_shops, shop, shop_statue,
          rock_pile
Sewer:    sewer_minmay_treatment
Gauntlet: minmay_gauntlet_77_indecision [minmay_gauntlet_arena_77_fan,
          minmay_gauntlet_arena_77_shame_cube, minmay_gauntlet_arena_77_box,
          minmay_gauntlet_arena_77_block_sizes,
          minmay_gauntlet_arena_77_chump_sandwich,
          minmay_gauntlet_arena_77_mirror,
          nicolae_gauntlet_exit_dead_adventurers]

Skill      XL: |  1  2  3  4  5  6  7  8  9 10 11 12 13 14 15 16 |
---------------+-------------------------------------------------+-----
Stealth        | 6 7 8 9 10 11 12 | 12.3
Invocations    | 1 2 3 4 5 6 7 8 9 10 11 | 11.9
Short Blades   | 1 2 3 4 5 6 7 8 9 10 11 | 11.0
Long Blades    | 1 2 3 4 5 6 7 8 9 10 11 | 11.0
Axes           | 1 2 3 4 5 6 7 8 9 10 11 | 11.0
Polearms       | 1 2 3 4 5 6 7 8 9 10 11 | 11.0
Staves         | 1 2 3 4 5 6 7 8 9 10 11 | 11.0
Slings         | 1 2 3 4 5 6 7 8 9 10 11 | 11.0
Bows           | 1 2 3 4 5 6 7 8 9 10 11 | 11.0
Crossbows      | 1 2 3 4 5 6 7 8 9 10 11 | 11.0
Throwing       | 1 2 3 4 5 6 7 8 9 10 11 | 11.0
Dodging        | 1 2 3 4 5 6 7 8 9 10 11 | 11.0
Shields        | 1 2 3 4 5 6 7 8 9 10 11 | 11.0
Unarmed Combat | 1 2 3 4 5 6 7 8 9 10 11 | 11.0
Spellcasting   | 1 2 3 4 5 6 7 8 9 10 11 | 11.0
Conjurations   | 1 2 3 4 5 6 7 8 9 |  9.4
Hexes          | 1 2 3 4 5 6 7 8 9 |  9.4
Charms         | 1 2 3 4 5 6 7 8 9 |  9.4
Summonings     | 1 2 3 4 5 6 7 8 9 |  9.4
Necromancy     | 1 2 3 4 5 6 7 8 9 |  9.4
Translocations | 1 2 3 4 5 6 7 8 9 |  9.4
Transmutations | 1 2 3 4 5 6 7 8 9 |  9.4
Fire Magic     | 1 2 3 4 5 6 7 8 9 |  9.4
Ice Magic      | 1 2 3 4 5 6 7 8 9 |  9.4
Air Magic      | 1 2 3 4 5 6 7 8 9 |  9.4
Earth Magic    | 1 2 3 4 5 6 7 8 9 |  9.4
Poison Magic   | 1 2 3 4 5 6 7 8 9 |  9.4
Maces & Flails | 3 4 5 6 7 8 9 10 11 | 11.3
Armour         | 3 4 5 6 7 8 9 10 11 | 11.3
Evocations     | 3 4 5 6 7 8 9 10 11 | 11.3
Fighting       | 9 10 11 12 13 14 15 | 15.1

Action                   |  1- 3 |  4- 6 |  7- 9 | 10-12 | 13-15 | 16-18 || total
-------------------------+-------+-------+-------+-------+-------+-------++-------
Melee: Mace              |    90 |       |       |       |       |       ||    90
       Bite              |     5 |    32 |    34 |    67 |   123 |   100 ||   361
       Dagger            |     9 |   253 |       |       |       |       ||   262
       Punch             |       |     2 |     5 |    12 |    35 |    48 ||   102
       Whip              |       |    55 |   419 |   448 |   555 |   430 ||  1907
       Scimitar          |       |       |       |       |   250 |   137 ||   387
       Eveningstar       |       |       |       |       |       |    91 ||    91
 Fire: Heavy crossbow    |       |       |       |   177 |   375 |   161 ||   713
Throw: Tomahawk          |     4 |       |     8 |       |       |       ||    12
       Javelin           |       |       |       |       |     6 |    10 ||    16
Invok: Lesser Servant of |       |       |       |     5 |     9 |     5 ||    19
Evoke: Wand              |       |       |     9 |     4 |     2 |     3 ||    18
  Use: Scroll            |     3 |     6 |     3 |    12 |     9 |     3 ||    36
       Potion            |     1 |       |     2 |       |     2 |       ||     5
 Stab: Sleeping          |     9 |     7 |       |       |     1 |       ||    17
       Paralysed         |       |       |       |     9 |     4 |       ||    13
       Petrified         |       |       |       |       |     5 |       ||     5
       Distracted        |       |       |       |       |       |     1 ||     1
  Eat: Chunk             |     1 |    10 |    12 |    27 |    35 |    25 ||   110
       Ration            |       |       |       |     1 |     2 |     1 ||     4
Armor: Robe              |    18 |     2 |       |       |       |       ||    20
       Skin              |     9 |       |       |       |       |       ||     9
       Ring mail         |       |    14 |       |       |       |       ||    14
       Plate armour      |       |   202 |   144 |   374 |   717 |  1127 ||  2564
       Chain mail        |       |       |    83 |       |       |       ||    83
Dodge: Dodged            |    55 |    77 |   129 |   191 |   537 |   694 ||  1683
       Rpst.: Scimitar   |       |       |       |       |    32 |    35 ||    67

Table legend:
 A = Non-vault XP
 B = Vault XP
 C = Vault XP percentage of total XP
 D = Non-vault monster count
 E = Vault monster count
 F = Vault count percentage of total count
                 A         B        C        D         E       F
            +---------+---------+-------+---------+---------+-------
      Total |  114170 |   69229 |  37.7 |     649 |     249 |  27.7
            +---------+---------+-------+---------+---------+-------
        D:1 |      76 |       0 |   0.0 |      33 |       0 |   0.0
        D:2 |      80 |      40 |  33.3 |      24 |       1 |   4.0
        D:3 |      69 |      41 |  37.3 |      13 |      10 |  43.5
        D:4 |     431 |     157 |  26.7 |      22 |       1 |   4.3
        D:5 |     469 |     260 |  35.7 |      21 |       2 |   8.7
        D:6 |    1951 |       5 |   0.3 |      45 |       2 |   4.3
        D:7 |     779 |    2337 |  75.0 |      16 |      21 |  56.8
        D:8 |    2515 |     302 |  10.7 |      41 |       3 |   6.8
        D:9 |    1220 |     281 |  18.7 |      10 |       2 |  16.7
       D:10 |    2573 |       0 |   0.0 |      28 |       0 |   0.0
       D:11 |    3133 |    3136 |  50.0 |      22 |      12 |  35.3
       D:12 |    5816 |    2469 |  29.8 |      43 |       5 |  10.4
       D:13 |    6389 |       0 |   0.0 |      30 |       0 |   0.0
       D:14 |    8819 |    4673 |  34.6 |      23 |       9 |  28.1
       D:15 |    3889 |    4357 |  52.8 |      13 |      12 |  48.0
     Lair:1 |    2011 |    1002 |  33.3 |      11 |       5 |  31.2
     Lair:2 |    4459 |     312 |   6.5 |      22 |       2 |   8.3
     Lair:3 |    6223 |      74 |   1.2 |      26 |       2 |   7.1
     Lair:4 |    3854 |    2146 |  35.8 |      13 |      10 |  43.5
     Lair:5 |    4675 |    2460 |  34.5 |      17 |      12 |  41.4
     Lair:6 |    8611 |   14453 |  62.7 |      25 |      33 |  56.9
   Spider:1 |   23377 |       0 |   0.0 |      67 |       0 |   0.0
   Spider:2 |   16783 |       0 |   0.0 |      41 |       0 |   0.0
   Spider:3 |    4560 |       0 |   0.0 |      17 |       0 |   0.0
      Orc:1 |    1205 |   10256 |  89.5 |      18 |      10 |  35.7
      Orc:2 |     203 |   15427 |  98.7 |       8 |      38 |  82.6
      Sewer |       0 |     254 | 100.0 |       0 |      48 | 100.0
   Gauntlet |       0 |    4787 | 100.0 |       0 |       9 | 100.0
            +---------+---------+-------+---------+---------+-------

Table legend:
 A = Turns spent in this place as a percentage of turns spent in the entire game.
 B = Non-inter-level travel turns spent in this place as a percentage of non-inter-level travel turns spent in the entire game.
 C = Inter-level travel turns spent in this place as a percentage of turns spent in this place.
 D = Turns resting spent in this place as a percentage of non-inter-level travel turns spent in this place.
 E = Turns spent auto-exploring this place as a percentage of non-inter-level travel turns spent in this place.
 F = Non-inter-level travel turns spent in this place divided by the number of levels of this place that you've seen.
                   A       B       C       D       E      F
               +-------+-------+-------+-------+-------+----------------------
         Total | 100.0 | 100.0 |   8.9 |  17.7 |  42.9 | 1018.8
       Dungeon |  54.5 |  53.5 |  10.8 |  16.1 |  49.0 | 1052.9
        Temple |   0.5 |   0.5 |   4.8 |   0.0 |  98.6 | 140.0
          Lair |  24.2 |  23.9 |   9.9 |  16.2 |  45.0 | 1178.8
   Spider Nest |  11.3 |  12.0 |   3.3 |  29.8 |  24.3 | 1180.3
  Orcish Mines |   5.1 |   5.3 |   5.4 |   6.7 |  33.1 | 788.0
         Sewer |   2.6 |   2.8 |   0.0 |  19.3 |  28.0 | 840.0
      Gauntlet |   1.8 |   2.0 |   0.0 |  36.2 |   0.0 | 580.0
               +-------+-------+-------+-------+-------+----------------------

Levels and vault maps discovered:
D:1:      eino_arrival_druids_welcome, layout_basic
D:2:      layout_basic, minmay_misc_feat_cross, kennysheep_nondescript,
          uniq_crazy_yiuf_cottage
D:3:      layout_loops_corners, gammafunk_temple_overflow_wave,
          portal_sewer_entry_c, minmay_checkerbox
D:4:      layout_cave_pods, old_standard_altar, temple_hall,
          kb_xom_exploding_sheep, uniq_edmund
D:5:      layout_cave_pods, chequers_temple_overflow_statue_of_worship,
          first_ration, uniq_blork_the_orc, uniq_menkaure
D:6:      layout_basic, marbit_many_paths, serial_glass, glass_columns_a,
          glass_columns_a, minmay_between
D:7:      minmay_the_grid_octo_tiled_squarecenter
          [minmay_the_grid_octo_fat_diamond, minmay_the_grid_octo_77,
          minmay_the_grid_octo_fan_narrow, minmay_the_grid_octo_teeth,
          minmay_the_grid_square_5x5_megaprize_crossed,
          minmay_the_grid_square_5x5_eight, minmay_the_grid_square_5x5_bite,
          minmay_the_grid_square_5x5_hourglass,
          minmay_the_grid_square_5x5_moneybag], layout_loops_ring, serial_shops,
          kennysheep_little_box, the_bakery, minmay_misc_feat_columns,
          roderic_lattice_a, ashenzari_altar_1, uniq_joseph
D:8:      layout_gridville, grunt_decor_arrowhead
D:9:      layout_basic, grunt_lair_entry_orc_guard_hut
D:10:     layout_basic, minmay_stone_trees_small
D:11:     layout_irregular_city, basic_altar, gammafunk_ghost_hive,
          kennysheep_cross_bottleneck, uniq_harold
D:12:     minmay_recursive_quarters, layout_basic, ebering_ghost_xom,
          serial_bayou_ford_a
D:13:     layout_roguey, serial_shops, nicolae_shop_behind_doors
D:14:     layout_loops_ring, skrybe_vaults_entry_preservation,
          serial_bayou_shore_a, minmay_misc_feat_rugged
D:15:     gammafunk_enter_depths_forms, layout_irregular_city,
          nicolae_gozag_seed_capital, palyth_stone_intersect, chequers_arboretum
Temple:   regret_index_temple_sphere_string
Lair:1:   layout_roguey, ebering_ghost_disaster_area
Lair:2:   layout_regular_city, serial_rivers, chequers_serial_rivers_room_a,
          chequers_serial_rivers_small_a, chequers_serial_rivers_small_a,
          chequers_serial_rivers_room_b, grunt_megastairs_5, lemuel_fruit_fields
Lair:3:   layout_loops_ring, basic_altar
Lair:4:   layout_roguey, minmay_shoals_entry_beasts,
          nicolae_spider_entry_non_spiders, grunt_megastairs_3
Lair:5:   layout_loops_ring, gauntlet_entry_generic, beast_lair_carwin_6
Lair:6:   grunt_lair_end_beastmaster, layout_small_grid,
          nicolae_slime_entry_slimehenge, grunt_megastairs_4, lemuel_fruit_tree,
          uniq_josephine, uniq_nessos
Spider:1: layout_chambers, drop_trap
Spider:2: layout_spider_delve
Spider:3: layout_spider_delve
Orc:1:    layout_diamond_mine, uniq_gastronok, uniq_jorgrun, uniq_sonja,
          uniq_fannar, uniq_urug
Orc:2:    st_orc_ogre_mass, layout_caves, serial_shops, shop, shop_statue,
          rock_pile
Sewer:    sewer_minmay_treatment
Gauntlet: minmay_gauntlet_77_indecision [minmay_gauntlet_arena_77_fan,
          minmay_gauntlet_arena_77_shame_cube, minmay_gauntlet_arena_77_box,
          minmay_gauntlet_arena_77_block_sizes,
          minmay_gauntlet_arena_77_chump_sandwich,
          minmay_gauntlet_arena_77_mirror,
          nicolae_gauntlet_exit_dead_adventurers]
